 Dungeon Crawl Stone Soup version 0.19.5 (webtiles) character file.

40352 Peloso the Fencer (level 13, -21/117 HPs)
             Began as a Minotaur Fighter on Apr 13, 2017.
             Was the Champion of Okawaru.
             Demolished by an acid blob (34 damage)
             ... on level 6 of the Lair of Beasts.
             The game lasted 00:55:04 (20657 turns).

Peloso the Fencer (Minotaur Fighter)               Turns: 20657, Time: 00:55:04

Health: -21/117    AC: 11    Str: 27    XL:     13   Next: 74%
Magic:  13/13      EV: 11    Int:  5    God:    Okawaru [******]
Gold:   1135       SH: 19    Dex: 17    Spells: 0 memorised, 12 levels left

rFire  . . .     SeeInvis .     t - +3 scimitar
rCold  . . .     Gourm    .     V - +0 plate armour
rNeg   . . .     Faith    .     c - +1 shield
rPois  .         Spirit   .     (helmet restricted)
rElec  .         Reflect  +     m - +0 cloak
rCorr  .         Harm     .     y - +0 pair of gloves
MR     .....                    (no boots)
Stlth  ..........               N - +3 amulet of reflection
                                a - +5 ring of dexterity
                                U - +3 ring of strength

@: about to teleport, corroded
A: retaliatory headbutt, horns 2
a: Heroism, Finesse, Renounce Religion


You were on level 6 of the Lair of Beasts.
You worshipped Okawaru.
Okawaru was exalted by your worship.
You were not hungry.

You visited 3 branches of the dungeon, and saw 18 of its levels.
You also visited: Labyrinth and Ossuary.

You collected 1135 gold pieces.

Inventory:

Hand Weapons
 j - a +0 spear of flaming
 t - a +3 scimitar (weapon)
 K - a +1 falchion of protection
Armour
 c - a +1 shield (worn)
 m - a +0 cloak (worn)
 y - a +0 pair of gloves (worn)
 V - a +0 plate armour (worn)
Jewellery
 a - a +5 ring of dexterity (right hand)
 I - an uncursed ring of protection from cold
 L - a +3 ring of dexterity
 N - a +3 amulet of reflection (around neck)
 U - a +3 ring of strength (left hand)
 Y - an uncursed ring of magical power
Wands
 p - a wand of disintegration (14/24)
 v - a wand of iceblast (2/15)
 D - a wand of teleportation (9/9)
 E - a wand of hasting (5/9)
 Q - a wand of flame (28/48)
Scrolls
 b - a scroll of identify
 k - 3 scrolls of enchant weapon
 o - 6 scrolls of remove curse
 q - a scroll of holy word
 w - 3 scrolls of recharging
 z - a scroll of fog
 A - a scroll of blinking
 C - 3 scrolls of amnesia
 F - a scroll of magic mapping
 G - a scroll of enchant armour
 J - 2 scrolls of teleportation
 M - 2 scrolls of fear
Potions
 d - 3 potions of might
 e - a potion of invisibility
 i - 3 potions of flight
 l - 4 potions of agility
 n - 3 potions of haste
 r - a potion of resistance
 u - 3 potions of berserk rage
 x - 8 potions of curing
 B - a potion of brilliance
 O - 2 potions of heal wounds
 T - a potion of lignification
Comestibles
 f - 6 bread rations
 g - 3 beef jerkies
 h - 4 meat rations
 s - 26 fruits
 H - 2 slices of pizza
 P - 9 chunks of flesh


   Skills:
 + Level 11.9 Fighting
 + Level 15.0 Long Blades
 + Level 3.0 Polearms
 + Level 13.6 Armour
 + Level 5.0 Dodging
 + Level 1.6 Stealth
 + Level 14.4 Shields
 + Level 2.0 Evocations


You had 12 spell levels left.
You didn't know any spells.

Dungeon Overview and Level Annotations

Branches:
Dungeon (11/15)            Temple (1/1) D:5            Lair (6/6) D:11
 Shoals (0/4) Lair:2        Snake (0/4) Lair:4          Orc (0/2) D:9
  Slime: Lair:5-6

Altars:
Ashenzari
Cheibriados
Dithmenos
Elyvilon
Fedhas
Gozag
Hepliaklqana
Kikubaaqudgha
Makhleb
Nemelex Xobeh
Okawaru
Qazlal
Ru
Sif Muna
Trog
Uskayaw
Vehumet
Xom
Yredelemnul
Zin
The Shining One

Shops:
D:5 :


Innate Abilities, Weirdness & Mutations

You reflexively headbutt those who attack you in melee.
You have a pair of horns on your head.


Message History

The acid blob is heavily wounded.
The blink frog blinks!
The acid blob hits you!!
You are splashed with acid!
The acid burns!
You hit the acid blob.
Your hands burn!
* * * LOW HITPOINT WARNING * * *
You headbutt the acid blob!
The acid blob is severely wounded.
The blink frog blinks! x2
Unknown command.
As you read the scroll of teleportation, it crumbles to dust.
You feel strangely unstable. You block the death ooze's attack. x2
The acid blob spits acid at you. The splash of acid hits you!
The acid corrodes you!
You are splashed with acid!
The acid burns!
* * * LOW HITPOINT WARNING * * *
The blink frog blinks! x2; You block the death ooze's attack.
The death ooze hits you!
* * * LOW HITPOINT WARNING * * *
The acid blob hits you!!
You die...

.....####....###
P...P...#P.....#####
#..PP..............##
#...................#
#P..P........##..#.##
#PP..##P..#####.##
#P.P###..... #.####
##.. ##...P###...##
#... #.(.....§@J.#
... ......F.F.J.##
P....F.....#§.####
....###....##..†.# .
P§.....###†..#
...P...#....##
..P.PFP###P..##
.###... ##.?P# § #...
#J..#....


You could see an acid blob, a death ooze and 4 blink frogs.

Vanquished Creatures
  A minotaur (Lab)
  The ghost of sevenseve the Fighter, a journeyman GrFi of the Shining One (Lair:3)
  2 catoblepae
  5 hydras
  The ghost of Arvee the Grappler, a novice TrMo of the Shining One (D:9)
  Pikel (D:8)
  A hill giant (D:10)
  An ugly thing (D:11)
  Joseph (D:8)
  2 centaur zombies
  3 black mambas
  6 elephants (Lair:4)
  8 spiny frogs
  A centaur skeleton (D:11)
  A rime drake (Lair:5)
  8 komodo dragons
  A freezing wraith (D:8)
  2 trolls
  A two-headed ogre (D:8)
  A minotaur skeleton (Lab)
  8 hippogriffs
  A snapping turtle (Lair:2)
  4 dream sheep (Lair:5)
  16 blink frogs
  A vampire (D:11)
  A redback (Lab)
  5 wyverns
  2 wraiths (Ossuary)
  3 shadows
  17 yaks
  A steam dragon (Lair:5)
  2 hungry ghosts
  4 basilisks
  4 vampire mosquitoes
  3 wargs
  5 nagas (Lair:4)
  A soldier ant (D:9)
  8 water moccasins
  11 porcupines
  2 orc warriors
  3 ice beasts
  A sky beast (D:11)
  2 phantoms
  2 slaves (D:8)
  24 wolves
  An eye of draining (D:11)
  6 ogres
  7 centaurs
  10 crocodiles
  The ghost of Lichfox the Grave Robber, an amateur HuNe (D:3)
  3 big kobolds
  9 bullfrogs
  A gnoll sergeant (D:7)
  A wyvern zombie (D:11)
  A wyvern skeleton (D:9)
  3 scorpions
  10 killer bees
  A vampire bat (D:3)
  2 wights (Ossuary)
  2 howler monkeys
  2 bullfrog zombies
  2 crimson imps (D:5)
  4 orc priests
  5 hounds
  6 jellies
  10 orc wizards
  3 bullfrog skeletons
  7 iguanas
  7 hell rats
  7 worker ants
  An ogre skeleton (Lab)
  A hound zombie (D:7)
  2 hound skeletons
  2 worker ant zombies (D:11)
  12 gnolls
  A howler monkey skeleton (D:9)
  11 adders
  8 river rats (Lair:1)
  5 shadow imps
  An ooze (D:2)
  3 adder zombies
  2 adder skeletons
  4 dart slugs
  3 fire bats (D:3)
  5 leopard geckos
  23 orcs
  2 spectral bats (D:3)
  14 bats
  3 bat skeletons (D:3)
  A bat zombie (D:3)
  7 giant cockroaches
  8 goblins
  3 hobgoblins
  10 jackals
  18 kobolds
  A quokka (D:6)
  2 ball python skeletons (Ossuary)
  A bat simulacrum (D:3)
  9 frilled lizards
  2 hobgoblin skeletons (Ossuary)
  A kobold zombie (Ossuary)
  An orc skeleton (Ossuary)
  An orc zombie (Ossuary)
  10 rats
468 creatures vanquished.

Vanquished Creatures (others)
  Psyche (D:9)
  A slave (D:9)
  2 howler monkeys (D:9)
  2 orc wizards (D:9)
  A hound zombie (D:9)
  An orc (D:9)
  A bat (D:3)
  2 fungi
  3 plants
14 creatures vanquished.

Grand Total: 482 creatures vanquished

Notes
Turn   | Place    | Note
-------+----------+-------------------------------------------
     0 | D:1      | Peloso the Minotaur Fighter began the quest for the Orb.
     0 | D:1      | Reached XP level 1. HP: 19/19 MP: 0/0
   185 | D:1      | Reached XP level 2. HP: 24/27 MP: 1/1
   501 | D:1      | Reached XP level 3. HP: 33/33 MP: 2/2
   557 | D:1      | Reached skill level 3 in Long Blades
   921 | D:2      | Reached XP level 4. HP: 35/40 MP: 3/3
  1689 | D:3      | Noticed Lichfox's ghost (amateur HuNe)
  1691 | D:3      | Reached skill level 4 in Long Blades
  1691 | D:3      | Reached XP level 5. HP: 47/47 MP: 4/4
  1699 | D:3      | Killed Lichfox's ghost
  1699 | D:3      | Reached skill level 1 in Dodging
  1699 | D:3      | Reached skill level 5 in Shields
  1955 | D:3      | Reached XP level 6. HP: 53/53 MP: 5/5
  2030 | D:3      | Reached skill level 5 in Armour
  2752 | D:4      | Reached skill level 5 in Long Blades
  3038 | D:4      | Found a sand-covered staircase.
  3179 | Ossuary  | Entered an ossuary
  3229 | Ossuary  | Reached XP level 7. HP: 60/60 MP: 6/6
  3288 | Ossuary  | Noticed a wraith
  3288 | Ossuary  | Noticed a flying skull
  3312 | Ossuary  | Noticed a wraith
  3331 | Ossuary  | Killed a wraith
  3331 | Ossuary  | Reached skill level 5 in Fighting
  3386 | Ossuary  | Noticed a flying skull
  3388 | Ossuary  | Noticed a flying skull
  3391 | Ossuary  | Noticed a wraith
  3403 | Ossuary  | Killed a wraith
  3403 | Ossuary  | Reached skill level 6 in Long Blades
  3472 | Ossuary  | Noticed a flying skull
  3482 | Ossuary  | Reached skill level 1 in Stealth
  3979 | D:4      | Reached XP level 8. HP: 68/68 MP: 7/7
  4349 | D:5      | Entered Level 5 of the Dungeon
  4364 | D:5      | Reached skill level 7 in Long Blades
  4403 | D:5      | Found Gosevix's Book Shoppe.
  4692 | D:5      | Reached skill level 8 in Long Blades
  4743 | D:5      | Found a staircase to the Ecumenical Temple.
  4753 | Temple   | Entered the Ecumenical Temple
  5564 | D:6      | Found a glowing golden altar of the Shining One.
  5742 | D:7      | Reached XP level 9. HP: 75/75 MP: 8/8
  5816 | D:7      | Found a shattered altar of Ashenzari.
  5842 | D:7      | Reached skill level 9 in Long Blades
  6345 | D:8      | Noticed Joseph
  6359 | D:8      | Killed Joseph
  7208 | D:8      | Reached skill level 10 in Long Blades
  7687 | D:9      | Noticed Pikel
  7700 | D:9      | Noticed Psyche
  7703 | D:9      | Noticed a freezing wraith
  7738 | D:8      | Reached XP level 10. HP: 26/86 MP: 9/9
  8302 | D:8      | Killed Pikel
  8452 | D:8      | Reached skill level 11 in Long Blades
  8554 | D:9      | Found an iron altar of Okawaru.
  8558 | D:9      | Killed Psyche
  8569 | D:9      | Became a worshipper of Warmaster Okawaru
  8871 | D:7      | Reached * piety under Okawaru
  9174 | D:9      | Reached skill level 10 in Shields
  9347 | D:9      | Found a bloodstained altar of Trog.
  9379 | D:9      | Noticed Arvee's ghost (novice TrMo)
  9403 | D:9      | Killed Arvee's ghost
  9403 | D:9      | Reached ** piety under Okawaru
  9403 | D:9      | Reached skill level 12 in Long Blades
  9642 | D:9      | Found a sparkling altar of Nemelex Xobeh.
  9649 | D:9      | Found a staircase to the Orcish Mines.
  9798 | D:10     | Entered Level 10 of the Dungeon
  9865 | D:10     | Reached XP level 11. HP: 87/95 MP: 10/10
 10285 | D:10     | Reached skill level 10 in Armour
 10291 | D:10     | Reached *** piety under Okawaru
 10861 | D:11     | Found a staircase to the Lair.
 10882 | D:11     | Noticed a hill giant
 10908 | D:10     | Killed a hill giant
 11043 | D:10     | Reached **** piety under Okawaru
 11048 | D:10     | Received a gift from Okawaru
 11399 | D:11     | Reached skill level 13 in Long Blades
 11612 | D:11     | Noticed a green ugly thing
 11626 | D:11     | Killed a green ugly thing
 11626 | D:11     | Received a gift from Okawaru
 12249 | Lair:1   | Entered Level 1 of the Lair of Beasts
 12325 | Lair:1   | Found a labyrinth entrance.
 12475 | Lab      | Entered a labyrinth
 13699 | Lab      | Noticed a minotaur
 13715 | Lab      | Killed a minotaur
 13715 | Lab      | Reached skill level 1 in Evocations
 13981 | Lair:1   | Reached XP level 12. HP: 68/106 MP: 12/12
 14400 | Lair:1   | Received a gift from Okawaru
 14458 | Lair:1   | Reached ***** piety under Okawaru
 14670 | Lair:1   | Reached skill level 10 in Fighting
 14930 | Lair:2   | Reached skill level 14 in Long Blades
 15054 | Lair:2   | Noticed a catoblepas
 15988 | Lair:2   | Found a staircase to the Shoals.
 15997 | Lair:2   | Received a gift from Okawaru
 16216 | Lair:3   | Noticed a seven-headed hydra
 16226 | Lair:2   | Killed a catoblepas
 16238 | Lair:3   | Killed a seven-headed hydra
 16715 | Lair:3   | Noticed a four-headed hydra
 16731 | Lair:3   | Killed a four-headed hydra
 17047 | Lair:3   | Noticed sevenseve's ghost (journeyman GrFi)
 17064 | Lair:3   | Killed sevenseve's ghost
 17271 | Lair:3   | Reached skill level 1 in Polearms
 17470 | Lair:3   | Reached XP level 13. HP: 116/116 MP: 13/13
 17710 | Lair:4   | Received a gift from Okawaru
 17739 | Lair:4   | Reached ****** piety under Okawaru
 17762 | Lair:4   | Reached skill level 5 in Dodging
 17767 | Lair:4   | Found a staircase to the Snake Pit.
 19644 | Lair:5   | Received a gift from Okawaru
 20093 | Lair:5   | Reached skill level 15 in Long Blades
 20339 | Lair:6   | Entered Level 6 of the Lair of Beasts
 20638 | Lair:6   | Noticed a death ooze
 20640 | Lair:6   | Noticed an acid blob
 20657 | Lair:6   | Demolished by an acid blob

Skill      XL: |  1  2  3  4  5  6  7  8  9 10 11 12 13 |
---------------+----------------------------------------+-----
Armour         | 4 5 6 7 8 9 10 12 13 | 13.6
Fighting       | 4 5 6 7 8 9 11 | 11.9
Long Blades    | 3 4 5 6 8 10 12 13 14 15 | 15.0
Shields        | 4 5 6 7 9 10 11 13 14 | 14.4
Dodging        | 1 2 3 4 5 |  5.0
Stealth        | 1 |  1.6
Evocations     | 2 |  2.0
Polearms       | 1 3 |  3.0

Action                   |  1- 3 |  4- 6 |  7- 9 | 10-12 | 13-15 || total
-------------------------+-------+-------+-------+-------+-------++-------
Melee: Long sword        |    69 |   162 |    43 |       |       ||   274
       Headbutt          |    13 |    30 |    66 |   233 |   126 ||   468
       Scimitar          |       |       |   273 |   785 |   271 ||  1329
       Spear             |       |       |       |    20 |    33 ||    53
       Falchion          |       |       |       |       |    42 ||    42
Invok: Heroism           |       |       |       |     3 |       ||     3
Evoke: Wand              |       |       |       |    32 |       ||    32
  Use: Scroll            |       |       |     4 |    23 |     7 ||    34
       Potion            |       |       |       |     3 |       ||     3
  Eat: Chunk             |       |     7 |    10 |    25 |    10 ||    52
       Fruit             |       |       |     4 |     9 |       ||    13
       Pizza             |       |       |     1 |     1 |       ||     2
       Royal jelly       |       |       |     1 |       |       ||     1
Armor: Scale mail        |    19 |    98 |    49 |       |       ||   166
       Chain mail        |       |       |    78 |   221 |       ||   299
       Plate armour      |       |       |       |   148 |   132 ||   280
Dodge: Dodged            |    18 |    70 |   116 |   262 |   102 ||   568
Block: Shield            |    38 |   138 |   194 |   579 |   326 ||  1275
       Reflection        |       |       |       |       |     3 ||     3
       Rpst.: Long sword |     6 |    12 |    10 |       |       ||    28
       Scimitar          |       |       |    31 |    49 |    18 ||    98
       Falchion          |       |       |       |       |     1 ||     1
